 Dungeon Crawl Stone Soup version 0.25.1-1-g288607f5aa (webtiles) character file.

Game seed: 8225256130816360757

279914 Ijustatesigmund the Octopoid Aeon (level 20, -15/158 HPs)
             Began as an Octopode Fighter on July 23, 2020.
             Was the Champion of Cheibriados.
             Demolished by the 27-headed Lernaean hydra (18 damage)
             ... on level 4 of the Swamp on July 24, 2020.
             The game lasted 02:02:02 (47718 turns).

Ijustatesigmund the Octopoid Aeon (OpFi)           Turns: 47718, Time: 02:02:03

Health: -15/158    AC: 12    Str: 44    XL:     20   Next: 87%
Magic:  32/32      EV: 28    Int: 30    God:    Cheibriados [******]
Gold:   2398       SH: 33    Dex: 43    Spells: 14/25 levels left

rFire    + . .     SeeInvis +   a - +9 war axe (protect)
rCold    + . .     Gourm    .   b - +2 tower shield
rNeg     . . .     Faith    .   C - +0 hat of the Good {+Blink +Inv Regen+ Int+4} (curse)
rPois    +         Spirit   .   w - amulet of reflection
rElec    .         Reflect  +   Q - +6 ring of strength
rCorr    .         Harm     .   V - ring of protection from fire
MR       +....                  G - +6 ring of strength
Stlth    +++++++++.             i - ring of see invisible
HPRegen  0.76/turn              p - +6 ring of dexterity
MPRegen  0.23/turn              z - ring of protection from cold
                                j - +6 ring of dexterity
                                R - +4 ring of protection

@: lethally poisoned (-15 -> -15), protection aura, studying Throwing, very slow
A: almost no armour, stealthy swim, amphibious, 8 rings, constrict 8, camouflage
1, clumsy 1, mutation resistance 1, poison resistance, robust 1, gelatinous body
1
}: 1/15 runes: serpentine
a: Bend Time, Temporal Distortion, Slouch, Step From Time, Renounce Religion,
Evoke Blink, Evoke Invisibility


You were on level 4 of the Swamp.
You worshipped Cheibriados.
Cheibriados was exalted by your worship.
You were not hungry.

You visited 7 branches of the dungeon, and saw 35 of its levels.
You visited the Abyss 1 time.
You also visited: Gauntlet and Ice Cave.

You collected 4194 gold pieces.
You spent 1796 gold pieces at shops.

Inventory:

Hand Weapons
 a - a +9 war axe of protection (weapon)
 E - a +9 vorpal broad axe
 L - a +2 flail of protection
Missiles
 c - 7 curare-tipped darts
 q - 19 silver javelins (quivered)
Armour
 b - a +2 tower shield (worn)
 C - the cursed +0 hat of the Good (worn) {+Blink +Inv Regen+ Int+4}
   (You bought it in a shop on level 3 of the Snake Pit)

   It affects your intelligence (+4).
   It lets you turn invisible.
   It lets you blink.
   It increases your rate of regeneration.
   It has a curse placed upon it.
Jewellery
 g - an uncursed ring of protection from cold
 i - a ring of see invisible (on tentacle)
 j - a +6 ring of dexterity (on tentacle)
 p - a +6 ring of dexterity (on tentacle)
 w - an amulet of reflection (around mantle)
 z - a ring of protection from cold (on tentacle)
 G - a +6 ring of strength (on tentacle)
 Q - a +6 ring of strength (left tentacle)
 R - a +4 ring of protection (on tentacle)
 S - an uncursed ring of protection from magic
 T - an uncursed ring of positive energy
 V - a ring of protection from fire (right tentacle)
 Y - an uncursed ring of protection from fire
Wands
 r - a wand of flame (140)
 A - a wand of disintegration (6)
 D - a wand of enslavement (18)
 F - a wand of iceblast (59)
 I - a wand of clouds (14)
 X - a wand of digging (4)
Scrolls
 k - 12 scrolls of amnesia
 n - 18 scrolls of remove curse
 t - 5 scrolls of identify
 u - a scroll of fog
 v - 4 scrolls of magic mapping
 x - 5 scrolls of immolation
 y - 2 scrolls of summoning
 J - 2 scrolls of teleportation
 K - 2 scrolls of fear
 P - a scroll of silence
Potions
 e - 3 potions of stabbing
 f - 3 potions of curing
 h - 6 potions of magic
 l - 5 potions of lignification
 m - 5 potions of flight
 o - 5 potions of brilliance
 B - 2 potions of ambrosia
 H - 3 potions of might
 N - a potion of mutation
 O - 2 potions of cancellation
 Z - a potion of resistance
Books
 U - a manual of Throwing
Miscellaneous
 M - 2 phantom mirrors
 W - a lightning rod (4/4)
Comestibles
 d - 80 rations
 s - 3 chunks of flesh


   Skills:
 - Level 14.4 Fighting
 - Level 15.2 Axes
 - Level 12.7 Throwing
 + Level 11.8 Dodging
 - Level 14.5 Stealth
 + Level 12.6 Shields
 - Level 3.1 Spellcasting
 - Level 7.6 Charms
 - Level 7.6 Translocations
 - Level 7.5 Ice Magic
 - Level 17.3 Invocations
 + Level 7.1 Evocations


You had 14 spell levels left.
You knew the following spells:

 Your Spells              Type           Power        Failure   Level  Hunger
a - Magic Dart            Conj           #...         34%         1    None
b - Blink                 Tloc           N/A          2%          2    #......
c - Lesser Beckoning      Tloc           ######....   4%          3    ##.....
d - Shroud of Golubria    Chrm/Tloc      ######       2%          2    #......
e - Ozocubu's Armour      Chrm/Ice       ######..     4%          3    ##.....

Your spell library contained the following spells:

 Spells                   Type           Power        Failure   Level  Hunger
 Freeze                   Ice            ####         1%          1    None
 Frozen Ramparts          Ice            ######       4%          3    ##.....
 Gell's Gravitas          Tloc           ######....   4%          3    ##.....
 Teleport Other           Tloc           ######..     4%          3    ##.....
 Passage of Golubria      Tloc           N/A          14%         4    ####...
 Sting                    Tmut/Pois      #...         34%         1    None
 Call Imp                 Summ           #.......     45%         2    #......
 Poisonous Vapours        Pois/Air       #.....       45%         2    #......
 Slow                     Hex            #.......     45%         2    #......
 Hailstorm                Conj/Ice       ####....     58%         4    ####...
 Summon Ice Beast         Ice/Summ       ####....     58%         4    ####...
 Conjure Flame            Conj/Fire      #.......     71%         3    ##.....
 Ignite Poison            Fire/Tmut/Pois #.......     71%         3    ##.....
 Mephitic Cloud           Conj/Pois/Air  #.......     71%         3    ##.....
 Olgreb's Toxic Radiance  Pois           #.......     98%         4    ####...
 Chain Lightning          Conj/Air       #.........   100%        8    #######
 Lehudib's Crystal Spear  Conj/Erth      #.........   100%        8    #######
 Absolute Zero            Ice            ######....   100%        9    #######
 Fire Storm               Conj/Fire      #.........   100%        9    #######


Dungeon Overview and Level Annotations

Branches:
Dungeon (15/15)            Temple (1/1) D:5            Lair (6/6) D:10
  Swamp (4/4) Lair:4        Snake (4/4) Lair:2        Slime (0/5) Lair:6
    Orc (2/2) D:12            Elf (0/3) Orc:2        Vaults (3/5) D:13
 Depths (0/5) D:15          IceCv (visited)         Gauntlet (visited)
  Crypt: Vaults:2-3

Altars:
Ashenzari
Cheibriados
Dithmenos
Elyvilon
Fedhas
Gozag
Hepliaklqana
Kikubaaqudgha
Makhleb
Nemelex Xobeh
Okawaru
Qazlal
Ru
Sif Muna
Trog
Uskayaw
Vehumet
Wu Jian
Xom
Yredelemnul
Zin
The Shining One
Beogh
Jiyva

Shops:
D:10 *   D:12 *   Orc:2 :([*   Snake:3 ?[   Vaults:1 }

Annotations:
D:7 1 runed translucent door, TheAraber's ghost, novice SpVM
D:14 Wociock's ghost, journeyman DgWz
D:15 3 runed translucent doors, Uwkoecio's ghost, journeyman HOFi
Lair:5 3 runed translucent doors, Wolly's ghost, journeyman CeAM
Swamp:4 Lernaean hydra
Vaults:2 3 runed translucent doors, Tatejisyv's ghost, adept GnWz


Innate Abilities, Weirdness & Mutations

You cannot wear most types of armour.
You are very stealthy in the water. (Stealth+)
You are amphibious.
You can wear up to eight rings at the same time.
You can use your tentacles to constrict eight enemies at once.
Your skin changes colour to match your surroundings (Stealth+).
Your rubbery body absorbs attacks. (AC +1, EV +1)
You are clumsy. (Dex -2)
You are somewhat resistant to further mutation.
Your system is resistant to poisons. (rPois)
You are robust. (+10% HP)


Message History

The 27-headed Lernaean hydra bites you! x2
* * * LOW HITPOINT WARNING * * *
The 27-headed Lernaean hydra bites you!
* * * LOW HITPOINT WARNING * * *
The 27-headed Lernaean hydra bites you but does no damage. x2
The 27-headed Lernaean hydra bites you.
* * * LOW HITPOINT WARNING * * *
The 27-headed Lernaean hydra completely misses you. x2
The 27-headed Lernaean hydra bites you!
* * * LOW HITPOINT WARNING * * *
The 27-headed Lernaean hydra bites you!
* * * LOW HITPOINT WARNING * * *
You block the 27-headed Lernaean hydra's attack.
The 27-headed Lernaean hydra barely misses you.
The 27-headed Lernaean hydra misses you.
The 27-headed Lernaean hydra closely misses you.
You block the 27-headed Lernaean hydra's attack.
The 27-headed Lernaean hydra barely misses you.
The 27-headed Lernaean hydra bites you!!
You die...

.§.♣♣♣...≈♣ ♣♣♣♣ ***♣.≈........
.§♣♣ ♣♣≈≈♣♣ *≈*♣♣.#.♣..≈♣♣ ♣♣♣
♣♣♣♣ ♣♣****♣.≈..♣.≈≈≈♣ *** ###*
*≈.♣♣*♣♣.≈.♣..≈.♣
*****≈####≈≈####*≈.♣♣≈...♣.≈.≈♣
***≈,≈≈.≈≈≈≈≈.≈#≈####.♣♣...♣♣.♣♣≈
*≈≈≈,,≈≈.≈≈≈≈#°.§##.≈......♣..≈§.
≈≈≈,,≈≈i.....≈§))†....≈.≈..♣≈≈...
*,≈,,≈≈*,*#(≈≈≈D@○##...♣≈≈≈♣....≈
,**≈≈≈≈≈D≈D)≈#≈#######.♣♣≈.§≈.≈≈.
≈≈≈,≈*≈≈≈≈≈.≈≈≈# ##≈.♣♣≈≈.≈.≈♣.♣
≈≈≈,,≈≈≈≈.≈.≈§≈#**#≈.♣♣♣§..≈....≈
≈,≈,*,≈≈≈#≈.≈##≈≈*#♣♣♣≈.≈≈≈≈.♣♣.≈
**≈≈≈≈≈≈≈.≈≈≈≈≈.≈* ♣≈#.♣..≈≈♣,,.
*,*,≈,,≈kD≈.#,*≈** ♣≈≈.≈.#...≈,≈
≈*≈,*≈≈≈.≈≈.≈≈,≈≈** ♣≈≈#≈≈.≈≈..≈≈
≈,,,,,,≈,,,,,,,≈*≈* ♣♣♣≈≈.....♣♣.


You could see the 27-headed Lernaean hydra, an eight-headed hydra (wandering)
and a swamp dragon.

Vanquished Creatures
  Nikola (Swamp:2)
  2 tentacled starspawn (Abyss:1)
  Donald (Snake:1)
  Kirke (Lair:5)
  5 thorn hunters
  8 nagarajas
  10 vault wardens
  A frost giant (IceCv)
  An orc warlord (Orc:2)
  8 ironheart preservers
  An angel (Abyss:1)
  2 stone giants (Vaults:2)
  A war gargoyle (D:15)
  4 very ugly things (Vaults:2)
  A dire elephant (Lair:6)
  A minotaur (Gauntlet)
  A fire dragon (D:12)
  An ettin (Vaults:2)
  Snorg (Lair:5)
  A death ooze (Gauntlet)
  2 great orbs of eyes (Vaults:2)
  2 yaktaur captains (Vaults:1)
  Harold (D:9)
  9 vault guards
  2 ghost crabs
  18 hydras
  A catoblepas (Lair:6)
  Erica (D:8)
  7 centaur warriors
  A rakshasa (D:15)
  9 two-headed ogres
  25 naga warriors
  A shambling mangrove (Swamp:4)
  A deep troll earth mage (Vaults:1)
  2 ogre magi
  7 alligators
  3 death knights
  3 tengu warriors
  5 shock serpents
  14 anacondas
  Urug (D:10)
  A deep elf knight (Vaults:1)
  An orc high priest (Orc:2)
  12 naga sharpshooters
  A thrashing horror (Abyss:1)
  A hell knight (Vaults:1)
  A wretched star (Abyss:1)
  5 salamander mystics
  7 deep trolls (Vaults:1)
  A sixfirhy (Abyss:1)
  7 skeletal warriors
  A sea snake (shapeshifter) (Vaults:2)
  A glowing orange brain (Vaults:2)
  6 swamp dragons
  5 unseen horrors
  4 wizards
  7 naga ritualists
  2 deep elf archers
  A flayed ghost (Vaults:2)
  A sphinx zombie (Vaults:2)
  Pikel (D:5)
  5 lindwurms
  3 necromancers
  4 ironbrand convokers
  10 orc knights
  5 harpies (Vaults:2)
  A tengu skeleton (Vaults:2)
  An oklob plant (Lair:3)
  2 wolf spiders
  8 cyclopes
  7 ugly things
  A salamander (shapeshifter) (Vaults:1)
  10 mana vipers
  3 deep elf magi
  6 orc sorcerers
  A stone giant zombie (Vaults:2)
  5 manticores
  7 salamanders
  A sphinx skeleton (Vaults:1)
  A moth of wrath (Gauntlet)
  A guardian serpent (Snake:3)
  5 vault sentinels
  48 black mambas
  Joseph (Lair:1)
  An ice statue (IceCv)
  10 elephants
  2 torpor snails
  16 spiny frogs
  Psyche (D:8)
  32 naga magi
  4 gargoyles
  6 rime drakes
  2 kobold demonologists
  3 centaur skeletons
  7 komodo dragons
  6 freezing wraiths
  An efreet (D:14)
  A human skeleton (Vaults:2)
  An ancient zyme (Abyss:1)
  A queen bee (shapeshifter) (Vaults:2)
  28 yaktaurs
  A queen bee (Lair:5)
  6 meliai
  8 tyrant leeches
  11 trolls
  28 polar bears
  2 polar bears (shapeshifter)
  4 raiju (Lair:6)
  11 hornets
  7 hippogriffs
  15 slime creatures
  5 dream sheep (Lair:6)
  9 bog bodies
  13 blink frogs
  2 centaur simulacra (Gauntlet)
  5 spriggans
  A ynoxinul (Abyss:1)
  3 wyverns
  61 yaks
  Sigmund (D:5)
  2 shadows
  20 humans
  2 vampires
  4 wraiths
  Eustachio (D:6)
  2 basilisks (Lair:6)
  8 hogs
  3 hungry ghosts
  13 vampire mosquitoes
  A redback simulacrum (Gauntlet)
  A harpy simulacrum (Gauntlet)
  5 acid dragons
  11 insubstantial wisps
  7 wargs
  13 swamp worms
  A neqoxec (Abyss:1)
  An ogre zombie (Vaults:1)
  61 nagas
  15 water moccasins
  2 porcupines (Lair:3)
  An elf zombie (Vaults:1)
  13 hell hounds (Lair:6)
  An ogre skeleton (Vaults:1)
  9 swamp drakes
  30 orc warriors
  11 ice beasts
  12 black bears
  2 sky beasts
  A slave (D:5)
  13 ogres
  A hornet zombie (D:9)
  45 wolves
  A necrophage (D:8)
  4 phantoms
  3 eyes of draining
  19 centaurs
  9 crocodiles
  An elf simulacrum (Vaults:1)
  7 big kobolds
  3 small abominations (Abyss:1)
  A gnoll sergeant (D:10)
  19 bullfrogs
  An earth elemental (Abyss:1)
  2 wyvern zombies
  A wyvern skeleton (D:10)
  6 scorpions
  33 killer bees
  5 electric eels
  6 wights
  3 howler monkeys
  3 bullfrog zombies
  9 crimson imps
  2 centaur zombies
  3 hounds
  7 jellies
  19 orc priests
  A bullfrog skeleton (D:5)
  An iron imp (Abyss:1)
  29 orc wizards
  2 gnoll shamans
  7 iguanas
  10 worker ants
  A killer bee zombie (D:6)
  4 hound skeletons
  A worker ant zombie (D:11)
  20 gnolls
  10 adders
  5 shadow imps
  4 oozes
  An adder zombie (D:8)
  An adder skeleton (D:5)
  4 worms
  5 dart slugs
  4 leopard geckos
  58 orcs
  8 giant cockroaches
  6 goblins
  8 hobgoblins
  3 jackals (D:5)
  22 kobolds
  2 quokkas
  4 ball pythons
  5 bats
  11 frilled lizards
  A leopard gecko skeleton (D:4)
  3 quokka skeletons
  4 rats
  12 briar patches
  2 fungi (Lair:6)
  A plant (D:10)
  A starspawn tentacle (Abyss:1)
1424 creatures vanquished.

Vanquished Creatures (others)
  An alligator (Swamp:4)
  A deep elf knight (Vaults:1)
  2 naga magi (Snake:4)
  2 polar bears (IceCv)
  A human (Lair:5)
  A yak (IceCv)
  A naga (Snake:1)
  4 wolves (IceCv)
  A kobold (D:10)
  A briar patch (Swamp:3)
  A fungus (Lair:5)
  8 plants
  5 starspawn tentacles (Abyss:1)
29 creatures vanquished.

Grand Total: 1453 creatures vanquished

Notes
Turn   | Place    | Note
-------+----------+-------------------------------------------
     0 | D:1      | Ijustatesigmund the Octopode Fighter began the quest for
                  | the Orb.
     0 | D:1      | Reached XP level 1. HP: 16/16 MP: 1/1
    43 | D:1      | Reached skill level 1 in Stealth
   102 | D:1      | Reached XP level 2. HP: 16/21 MP: 2/2
   347 | D:1      | Reached XP level 3. HP: 13/26 MP: 3/3
   991 | D:2      | Reached XP level 4. HP: 31/31 MP: 4/4
  1412 | D:2      | Found a shimmering altar of Xom.
  1871 | D:3      | Reached XP level 5. HP: 36/36 MP: 5/5
  2137 | D:3      | Found a shimmering blue altar of Sif Muna.
  2162 | D:3      | Found a snail-covered altar of Cheibriados.
  2173 | D:3      | Found a hazy altar of Hepliaklqana.
  2276 | D:3      | Found a shattered altar of Ashenzari.
  2819 | D:4      | Noticed an ice beast
  2828 | D:4      | HP: 1/37 [ice beast (7)]
  3172 | D:4      | Found an opulent altar of Gozag.
  3242 | D:4      | Reached skill level 1 in Throwing
  3286 | D:5      | Entered Level 5 of the Dungeon
  3291 | D:5      | Reached XP level 6. HP: 37/43 MP: 6/6
  3557 | D:5      | Found a staircase to the Ecumenical Temple.
  3567 | D:5      | Reached skill level 5 in Axes
  3745 | D:5      | Reached XP level 7. HP: 43/49 MP: 7/7
  3907 | D:5      | Found a sacrificial altar of Ru.
  3911 | Temple   | Entered the Ecumenical Temple
  4550 | D:5      | Noticed Sigmund
  4555 | D:5      | Killed Sigmund
  4555 | D:5      | Reached skill level 5 in Fighting
  4630 | D:5      | Reached XP level 8. HP: 19/55 MP: 8/8
  4966 | D:5      | Noticed Pikel
  4980 | D:5      | Killed Pikel
  5257 | D:4      | Reached skill level 5 in Dodging
  5257 | D:4      | Reached skill level 5 in Shields
  5398 | D:6      | Found a shadowy altar of Dithmenos.
  5608 | D:6      | Reached XP level 9. HP: 62/62 MP: 9/9
  5938 | D:6      | Noticed Eustachio
  5954 | D:6      | Killed Eustachio
  6156 | D:6      | Found an iron altar of Okawaru.
  6875 | D:7      | Found a white marble altar of Elyvilon.
  6974 | D:7      | Noticed TheAraber's ghost (novice SpVM)
  6979 | D:7      | Found a runed translucent door.
  7032 | D:7      | Found an ancient bone altar of Kikubaaqudgha.
  7241 | D:8      | Reached XP level 10. HP: 36/72 MP: 10/10
  7408 | D:8      | Found a burning altar of Makhleb.
  7525 | D:8      | Noticed Erica
  7536 | D:8      | Killed Erica
  7761 | D:3      | Became a worshipper of Cheibriados the Contemplative
  8194 | D:8      | Reached skill level 1 in Invocations
  8194 | D:8      | Noticed Psyche
  8202 | D:8      | Killed Psyche
  8427 | D:8      | Found a bloodstained altar of Trog.
  8470 | D:8      | Gained mutation: You occasionally shout uncontrollably at
                  | your foes. [potion of mutation]
  8470 | D:8      | Gained mutation: Your spells are a little harder to cast,
                  | but a little more powerful. [potion of mutation]
  8580 | D:9      | Reached skill level 2 in Invocations
  9116 | D:9      | Reached * piety under Cheibriados
  9278 | D:9      | Noticed Harold
  9298 | D:9      | Killed Harold
  9298 | D:9      | Reached skill level 3 in Invocations
  9656 | D:9      | Reached XP level 11. HP: 80/80 MP: 13/13
  9834 | D:9      | Reached skill level 4 in Invocations
 10035 | D:9      | Reached ** piety under Cheibriados
 10420 | D:10     | Entered Level 10 of the Dungeon
 10499 | D:10     | Noticed Urug
 11168 | D:11     | Reached skill level 5 in Invocations
 11349 | D:10     | Reached *** piety under Cheibriados
 11349 | D:10     | Reached skill level 10 in Axes
 11791 | D:10     | Found a staircase to the Lair.
 12028 | D:10     | Found Befim's Serpentskin Sales.
 12037 | D:10     | Bought 7 curare-tipped darts for 67 gold pieces
 12093 | D:10     | Killed Urug
 12308 | D:11     | Reached skill level 10 in Fighting
 12523 | D:11     | Reached skill level 6 in Invocations
 12836 | D:11     | Reached **** piety under Cheibriados
 12950 | D:11     | Noticed a cyclops
 12965 | D:11     | Noticed a manticore
 12965 | D:11     | Noticed a cyclops
 12965 | D:11     | Noticed a two-headed ogre
 13265 | D:11     | Killed a two-headed ogre
 13265 | D:11     | Reached skill level 7 in Invocations
 13279 | D:11     | Killed a cyclops
 13279 | D:11     | Reached XP level 12. HP: 75/87 MP: 17/17
 13474 | D:11     | Reached skill level 8 in Invocations
 13475 | D:11     | HP: 3/87 [cyclops (29)]
 13892 | D:11     | Noticed a two-headed ogre
 13903 | D:11     | Killed a two-headed ogre
 14497 | D:12     | Noticed a two-headed ogre
 14503 | D:12     | Killed a two-headed ogre
 14503 | D:12     | Reached skill level 9 in Invocations
 14567 | D:12     | Found Jeamat's Assorted Antiques.
 14570 | D:12     | Bought a gold wand for 132 gold pieces
 14570 | D:12     | Bought a bone ring for 165 gold pieces
 14570 | D:12     | Bought a scroll labeled DYSYHYW TOUCIN for 33 gold pieces
 14756 | D:12     | Found a staircase to the Orcish Mines.
 14975 | D:12     | Reached ***** piety under Cheibriados
 15374 | D:12     | Noticed a two-headed ogre
 15380 | D:12     | Killed a two-headed ogre
 15380 | D:12     | Reached skill level 10 in Invocations
 15503 | D:12     | Noticed a tengu warrior
 15506 | D:12     | Noticed a fire dragon
 15511 | D:12     | Killed a tengu warrior
 15519 | D:12     | Killed a fire dragon
 15519 | D:12     | Reached XP level 13. HP: 41/93 MP: 16/20
 15899 | Orc:1    | Entered Level 1 of the Orcish Mines
 16210 | Orc:1    | Found a roughly hewn altar of Beogh.
 16671 | Orc:2    | Entered Level 2 of the Orcish Mines
 16689 | Orc:2    | Found a staircase to the Elven Halls.
 16873 | Orc:2    | Reached ****** piety under Cheibriados
 17042 | Orc:2    | Noticed an orc warlord
 17050 | Orc:2    | Reached skill level 10 in Shields
 17346 | Orc:2    | Killed an orc warlord
 17346 | Orc:2    | Reached skill level 11 in Invocations
 17716 | Orc:2    | Found a roughly hewn altar of Beogh.
 17957 | Orc:2    | Found Icuez's General Store.
 17964 | Orc:2    | Found Kimedira's Antique Weapon Emporium.
 18006 | Orc:2    | Found Qyoffyik's Antique Armour Emporium.
 18045 | Orc:2    | Bought a scroll of blinking for 105 gold pieces
 18318 | Orc:2    | Found Riesme Ekudd's Book Emporium.
 18362 | Orc:2    | Bought a jewelled mace for 216 gold pieces
 18362 | Orc:2    | Identified the +7 mace of Ebluhi {distort, +Fly rPois rN+
                  | Dex-2} (You bought it in a shop on level 2 of the Orcish
                  | Mines)
 19027 | D:13     | Reached skill level 5 in Throwing
 19027 | D:13     | Reached skill level 12 in Invocations
 19232 | D:13     | Reached XP level 14. HP: 101/101 MP: 23/23
 19234 | D:13     | Identified the +6 hunting sling "Mesamomo" {flame, +Inv
                  | Str+6}
 19376 | D:13     | Found a gate to the Vaults.
 19930 | D:14     | Found a gate leading to a gauntlet.
 19944 | Gauntlet | Entered a Gauntlet
 19944 | Gauntlet | Found a transporter.
 19944 | Gauntlet | Found a transporter.
 19944 | Gauntlet | Found a transporter.
 19959 | Gauntlet | Found a transporter.
 19959 | Gauntlet | Found a transporter.
 19967 | Gauntlet | Found a transporter.
 19970 | Gauntlet | Found a transporter.
 19978 | Gauntlet | Found a transporter.
 19997 | Gauntlet | Found a transporter.
 20003 | Gauntlet | Found a transporter.
 20006 | Gauntlet | Found a transporter.
 20018 | Gauntlet | Found a transporter.
 20152 | Gauntlet | Reached skill level 10 in Dodging
 20459 | Gauntlet | Found the +2 Maxwell's thermic engine {flame, freeze}
 21134 | D:14     | Noticed a stone giant
 21137 | D:14     | Found a runed translucent gate.
 21138 | D:14     | Found a runed translucent gate.
 21138 | D:14     | Found a runed translucent gate.
 21140 | D:14     | Noticed Wociock's ghost (journeyman DgWz)
 21140 | D:14     | Noticed a war gargoyle
 21152 | D:15     | Entered Level 15 of the Dungeon
 21159 | D:15     | HP: 1/102 [tengu warrior/+0 long sword (8)]
 21163 | D:15     | Killed a war gargoyle
 21165 | D:15     | Found a frozen archway.
 21173 | IceCv    | Entered an ice cave
 22363 | IceCv    | Reached skill level 1 in Evocations
 22621 | IceCv    | Reached skill level 13 in Invocations
 23606 | IceCv    | Noticed a frost giant
 23619 | IceCv    | Killed a frost giant
 23782 | D:15     | Reached XP level 15. HP: 101/108 MP: 24/24
 24113 | D:15     | Found a staircase to the Depths.
 24113 | D:15     | Noticed a fire giant
 24812 | D:15     | Found a runed translucent gate.
 24813 | D:15     | Found a runed translucent gate.
 24814 | D:15     | Found a runed translucent gate.
 24814 | D:15     | Noticed Uwkoecio's ghost (journeyman HOFi)
 25065 | Lair:1   | Entered Level 1 of the Lair of Beasts
 25405 | Lair:1   | Found a shadowy altar of Dithmenos.
 25753 | Lair:1   | Noticed Joseph
 25766 | Lair:1   | Killed Joseph
 25953 | Lair:2   | Found a staircase to the Snake Pit.
 26880 | Lair:3   | Reached skill level 14 in Invocations
 27055 | Lair:3   | You fall into a shaft and drop 1 floor!
 28102 | Lair:4   | Learned a level 1 spell: Magic Dart
 28105 | Lair:4   | Learned a level 2 spell: Blink
 28668 | Lair:4   | Found a staircase to the Swamp.
 28759 | Lair:5   | Found a runed translucent gate.
 28759 | Lair:5   | Found a runed translucent gate.
 28759 | Lair:5   | Found a runed translucent gate.
 28764 | Lair:5   | Reached skill level 1 in Translocations
 28765 | Lair:5   | Found a viscous altar of Jiyva.
 28765 | Lair:5   | Noticed Wolly's ghost (journeyman CeAM)
 29057 | Lair:5   | Noticed Kirke
 29073 | Lair:5   | Killed Kirke
 29729 | Lair:5   | Lost mutation: You occasionally shout uncontrollably at
                  | your foes. [potion of mutation]
 29729 | Lair:5   | Lost mutation: Your spells are a little harder to cast, but
                  | a little more powerful. [potion of mutation]
 29729 | Lair:5   | Gained mutation: You are clumsy. (Dex -2) [potion of
                  | mutation]
 29729 | Lair:5   | Gained mutation: Your system is resistant to poisons.
                  | (rPois) [potion of mutation]
 29729 | Lair:5   | Gained mutation: You are robust. (+10% HP) [potion of
                  | mutation]
 29729 | Lair:5   | Gained mutation: You are somewhat resistant to further
                  | mutation. [potion of mutation]
 29841 | Lair:5   | Noticed Snorg
 29848 | Lair:5   | Killed Snorg
 30220 | Lair:6   | Entered Level 6 of the Lair of Beasts
 30230 | Lair:6   | Reached XP level 16. HP: 116/127 MP: 27/27
 30911 | Lair:6   | Reached skill level 15 in Invocations
 31063 | Lair:6   | Reached skill level 5 in Translocations
 31545 | Lair:6   | Found a staircase to the Slime Pits.
 31545 | Lair:6   | Found a viscous altar of Jiyva.
 32223 | Lair:6   | Found the +10 zealot's sword {holy, *Rage rN+ EV+3}
 32243 | Lair:6   | Reached skill level 5 in Stealth
 33086 | Snake:1  | Entered Level 1 of the Snake Pit
 33637 | Snake:1  | Reached skill level 10 in Stealth
 34018 | Snake:1  | Noticed a nagaraja
 34022 | Snake:1  | Reached XP level 17. HP: 114/133 MP: 28/28
 34644 | Snake:1  | Noticed Donald
 34653 | Snake:1  | Killed Donald
 35191 | Snake:1  | Identified the +7 war axe "Jale" {antimagic, *Drain rPois
                  | Dex+7 Stlth+} (You found it on level 1 of the Snake Pit)
 35942 | Snake:2  | Reached skill level 10 in Throwing
 36944 | Snake:3  | Found Facip's Antique Armour Shoppe.
 36944 | Snake:3  | Found Kogheiqi's Magic Scroll Emporium.
 37127 | Snake:3  | Bought a slimy hat for 288 gold pieces
 37127 | Snake:3  | Identified the cursed +0 hat of the Good {+Blink +Inv
                  | Regen+ Int+4} (You bought it in a shop on level 3 of the
                  | Snake Pit)
 37147 | Snake:3  | Bought a scroll of teleportation for 42 gold pieces
 37147 | Snake:3  | Bought a scroll of fog for 28 gold pieces
 37844 | Snake:4  | Entered Level 4 of the Snake Pit
 38191 | Snake:4  | Reached XP level 18. HP: 139/139 MP: 29/29
 38518 | Snake:4  | Learned a level 3 spell: Lesser Beckoning
 39034 | Snake:4  | Reached skill level 16 in Invocations
 39960 | Snake:4  | Got a serpentine rune of Zot
 40280 | Vaults:1 | Entered Level 1 of the Vaults
 40297 | Vaults:1 | Learned a level 2 spell: Shroud of Golubria
 40301 | Vaults:1 | Learned a level 3 spell: Ozocubu's Armour
 40394 | Vaults:1 | Reached skill level 1 in Charms
 40394 | Vaults:1 | Reached skill level 1 in Ice Magic
 40619 | Vaults:1 | Found Ytwuj's Gadget Shop.
 40627 | Vaults:1 | Bought a wand of clouds (8) for 720 gold pieces
 40837 | Vaults:1 | Reached XP level 19. HP: 148/148 MP: 31/31
 42564 | Vaults:2 | Reached skill level 5 in Charms
 42564 | Vaults:2 | Reached skill level 5 in Ice Magic
 42912 | Vaults:2 | Reached skill level 17 in Invocations
 42929 | Vaults:2 | Found a runed translucent gate.
 42929 | Vaults:2 | Found a runed translucent gate.
 42929 | Vaults:2 | Noticed Tatejisyv's ghost (adept GnWz)
 42930 | Vaults:2 | Found a runed translucent gate.
 43094 | Vaults:2 | Reached skill level 15 in Axes
 43304 | Vaults:2 | Cast into level 1 of the Abyss (orc knight)
 43470 | Abyss:1  | Reached XP level 20. HP: 157/157 MP: 32/32
 43619 | Vaults:2 | Escaped the Abyss
 44596 | Swamp:1  | Entered Level 1 of the Swamp
 44822 | Swamp:1  | Reached skill level 1 in Spellcasting
 45380 | Swamp:2  | Noticed Nikola
 45396 | Swamp:2  | Killed Nikola
 45396 | Swamp:2  | Reached skill level 5 in Evocations
 46487 | Swamp:3  | Found a white marble altar of Elyvilon.
 47085 | Swamp:4  | Entered Level 4 of the Swamp
 47717 | Swamp:4  | Noticed the 27-headed Lernaean hydra
 47718 | Swamp:4  | HP: 3/158 [the 27-headed Lernaean hydra (17)]
 47718 | Swamp:4  | Demolished by the 27-headed Lernaean hydra

Illustrated notes

Levels and vault maps discovered:
D:1:      roderic_chinese_lattice_arrival, layout_rooms
D:2:      layout_basic, xom_teletrap_fun, minmay_tiny_reverse_x
D:3:      layout_loops_ring, lemuel_round_altar, lemuel_doored_altar,
          nicolae_overflow_crystal_walls, nicolae_overflow_hidden_temple,
          hangedman_decor_points
D:4:      layout_rooms, overflow_temple_1_default
D:5:      layout_rooms, overflow_temple_1_default, minmay_temple_entry_grid,
          first_ration, nrook_uturn, grunt_ministairs_4, uniq_pikel,
          uniq_sigmund
D:6:      layout_basic, kennysheep_little_box, okawaru_gym_becter,
          uniq_eustachio
D:7:      layout_loops_ring, old_standard_altar, kiku_gazebo_pond_becter,
          hellmonk_ghost_happy_afterlife
D:8:      layout_loops_cross, lightli_temple_of_fire,
          makhleb_blood_cavern_becter, uniq_erica, uniq_psyche
D:9:      layout_basic, grunt_livestock, uniq_harold
D:10:     layout_cave_pods, dpeg_oklobed_lair, guppyfry_shop_venom, uniq_urug
D:11:     kennysheep_windowed_halls, layout_stronghold
D:12:     minmay_slanted_spiral_squares, layout_irregular_city, orc_0_dummy,
          serial_shops, kennysheep_mini
D:13:     layout_irregular_city, grunt_vaults_entry_tiered
D:14:     layout_roguey, gauntlet_entry_generic, serial_park_square2,
          gammafunk_ghost_split
D:15:     grunt_enter_depths_giant_problem, layout_gridville,
          portal_ice_cave_entry_ice_beasts, hangedman_abyss_or_decor_stabs,
          gammafunk_ghost_tricky_traps
Temple:   nicolae_temple_figure_zero
Lair:1:   layout_gridlike, basic_altar, cheibrodos_lair_reptile_den,
          serial_bayou_shore_b, uniq_joseph
Lair:2:   layout_loops_ring, guppyfry_snake_entry_garden,
          grunt_forest_large_clearing_hut, lemuel_fruit_tree
Lair:3:   layout_regular_city, minmay_lindwurm_lava
Lair:4:   layout_cave_pods, minmay_swamp_entry_worms, guppyfry_lair_drakes
Lair:5:   layout_roguey, gammafunk_ghost_ooze, special_room [special_room_bee],
          patterned_corridor, serial_bayou_shore_b, serial_bayou_shore_a,
          grunt_megastairs_3, infiniplex_staircase_pool, uniq_snorg, uniq_kirke
Lair:6:   hangedman_lair_in_review, layout_gridlike,
          hangedman_lair_caniforms_friends, slime_altar_1, serial_rivers,
          chequers_serial_rivers_micro_c, chequers_serial_rivers_room_a,
          chequers_serial_rivers_small_b, chequers_serial_rivers_small_a,
          hangedman_lair_generics_rect
Swamp:1:  layout_basic_swamp, evilmike_swamp_ruin_house_4
Swamp:2:  layout_basic_swamp, evilmike_swamp_ruin_house_1, swamp_pool3,
          nicolae_swamp_triple_paths, uniq_nikola
Swamp:3:  layout_basic_swamp, lemuel_altar_in_water
Swamp:4:  swamp_old_school, layout_basic_swamp, swamp_pool5
Snake:1:  layout_misc_corridors, hangedman_snake_sidewinding, uniq_donald
Snake:2:  layout_chambers, drop_trap, grunt_megastairs_1
Snake:3:  layout_concentric_octagons, minmay_shoptagon
Snake:4:  snake_pit, layout_onion
Orc:1:    layout_caves, basic_altar, nicolae_orc_sculptors_studio
Orc:2:    grunt_orc_cross, layout_caves
Vaults:1: nicolae_vaults_network_periphery, dpeg_vaults_monster_row,
          vaults_room_grunt_arrival_checkpoint, ontoclasm_vaults_spin,
          hangedman_vaults_nails, v_misc_9, ontoclasm_vaults_gateway,
          vaults_room_semicircle, grunt_vaults_hallway_short,
          layout_vaults_chaotic_city, serial_shops, shop
Vaults:2: gammafunk_vaults_ghost_spectres, v_misc_26,
          nicolae_vaults_little_squares_3, vaults_room_stairs_pillars,
          kb_rosetta, v_misc_27, v_misc_3, v_rooms_2, hangedman_vaults_stagger,
          v_misc_24, ontoclasm_vaults_decontamination, hangedman_vaults_trim,
          layout_vaults_ring
Vaults:3: gammafunk_vaults_ghost_necromancy, nicolae_vaults_three_branches,
          vaults_standard_mumra_x, ontoclasm_vaults_tryst,
          minmay_crypt_entry_necro_gods, nicolae_vaults_holding_cells,
          hangedman_vaults_cutoff, vaults_dpeg_cross, vaults_mumra_minichess,
          v_misc_22, vaults_room_stairs_pillars, v_misc_9,
          hangedman_vaults_snaps, layout_vaults_omnicross, uniq_xtahua

Skill      XL: |  1  2  3  4  5  6  7  8  9 10 11 12 13 14 15 16 17 18 19 20 |
---------------+-------------------------------------------------------------+-----
Stealth        | 1 2 3 11 14 | 14.5
Axes           | 3 4 5 6 8 9 10 11 12 13 14 15 | 15.2
Throwing       | 1 2 5 6 9 11 12 | 12.7
Fighting       | 4 5 6 7 9 10 11 12 13 14 | 14.4
Dodging        | 4 5 7 9 10 11 | 11.8
Shields        | 4 5 7 8 9 10 11 12 | 12.6
Invocations    | 3 7 10 12 13 14 15 16 17 | 17.3
Evocations     | 2 4 7 |  7.1
Translocations | 3 6 7 |  7.6
Charms         | 2 5 7 |  7.6
Ice Magic      | 2 5 7 |  7.5
Spellcasting   | 3 |  3.1

Action                   |  1- 3 |  4- 6 |  7- 9 | 10-12 | 13-15 | 16-18 | 19-21 || total
-------------------------+-------+-------+-------+-------+-------+-------+-------++-------
Melee: War axe           |    54 |    85 |   160 |   360 |   653 |   811 |   724 ||  2847
       Constrict         |    15 |    21 |    29 |    64 |   111 |   101 |    94 ||   435
       Tentacles         |    12 |    13 |    34 |   129 |   248 |   337 |   328 ||  1101
       Flail             |       |       |       |       |    16 |    22 |    22 ||    60
       Unarmed           |       |       |       |       |     2 |       |       ||     2
Throw: Dart              |       |     2 |     7 |    16 |    18 |     3 |       ||    46
       Javelin           |       |       |    10 |     1 |    10 |    65 |    14 ||   100
 Cast: Blink             |       |       |       |       |       |     2 |     2 ||     4
       Lesser Beckoning  |       |       |       |       |       |     2 |     2 ||     4
       Shroud of Golubri |       |       |       |       |       |       |     1 ||     1
       Ozocubu's Armour  |       |       |       |       |       |       |     4 ||     4
Invok: Bend Time         |       |       |       |     2 |       |     1 |       ||     3
       Slouch            |       |       |       |       |     6 |     4 |       ||    10
       Step From Time    |       |       |       |       |       |     1 |       ||     1
 Abil: Evoke Flight      |       |       |       |       |     2 |       |       ||     2
       Evoke Blink       |       |       |       |       |       |       |     1 ||     1
Evoke: Wand              |       |       |       |     7 |    14 |    19 |       ||    40
  Use: Scroll            |       |    14 |     4 |    18 |    21 |    14 |    10 ||    81
       Potion            |       |     4 |       |     5 |     5 |    11 |     1 ||    26
 Stab: Sleeping          |     5 |    22 |     9 |    10 |    37 |    39 |    40 ||   162
       Distracted        |     1 |       |       |     1 |     1 |     8 |    12 ||    23
       Invisible         |       |       |       |       |       |     1 |       ||     1
       Confused          |       |       |       |       |       |       |     9 ||     9
  Eat: Chunk             |       |     9 |     8 |    11 |    21 |     4 |     7 ||    60
       Ration            |       |       |     1 |     2 |     1 |     5 |     2 ||    11
Armor: Skin              |     3 |     4 |     9 |     4 |    34 |    55 |    49 ||   158
Dodge: Dodged            |    17 |    31 |    54 |   105 |   324 |   480 |   392 ||  1403
Block: Kite shield       |    24 |    22 |    44 |       |       |       |       ||    90
       Tower shield      |       |       |    57 |   395 |   902 |  1397 |   939 ||  3690
       Reflection        |       |       |       |    25 |    65 |   211 |    62 ||   363
       Other             |       |       |       |       |     2 |       |       ||     2
